 Dungeon Crawl Stone Soup version 0.24.0-13-gcf9b319 (webtiles) character file.

Game seed: 468441067093431227, levelgen mode: deterministic

123 Fortress the Conjurer (level 4, 0/33 HPs)
             Began as a Draconian Conjurer on Feb 10, 2020.
             Succumbed to a scorpion's poison
             ... on level 2 of the Dungeon.
             The game lasted 00:05:39 (1492 turns).

Fortress the Conjurer (Draconian Conjurer)          Turns: 1492, Time: 00:05:40

Health: 0/33       AC:  7    Str: 10    XL:     4   Next: 79%
Magic:  2/8        EV: 12    Int: 16    God:
Gold:   87         SH:  0    Dex: 12    Spells: 8/9 levels left

rFire    . . .     SeeInvis .   e - +0 hand axe
rCold    . . .     Gourm    .   (no shield)
rNeg     . . .     Faith    .   (armour unavailable)
rPois    .         Spirit   .   (helmet restricted)
rElec    .         Reflect  .   (no cloak)
rCorr    .         Harm     .   i - +1 pair of gloves
MR       .....                  (no boots)
Stlth    +++.......             (no amulet)
HPRegen  0.11/turn              h - ring of stealth
MPRegen  0.11/turn              (no ring)

@: lethally poisoned (0 -> -2)
A: unfitting armour, cold-blooded, AC +5
a: no special abilities


You were on level 2 of the Dungeon.
You were not hungry.

You visited 1 branch of the dungeon, and saw 3 of its levels.

You collected 87 gold pieces.

Inventory:

Hand Weapons
 e - a +0 hand axe (weapon)
Armour
 i - a +1 pair of gloves (worn)
Jewellery
 h - a ring of stealth (left hand)
Scrolls
 c - a scroll of enchant weapon {unknown}
 f - a scroll of remove curse {unknown}
 g - 4 scrolls of identify {unknown}
 j - a scroll of teleportation {unknown}
Potions
 a - 2 potions of lignification
Comestibles
 b - 3 rations


   Skills:
 - Level 2.0 Dodging
 - Level 2.0 Stealth
 - Level 1.0 Unarmed Combat
 + Level 3.0 Spellcasting
 + Level 5.2 Conjurations


You had 8 spell levels left.
You knew the following spells:

 Your Spells              Type           Power        Failure   Level  Hunger
a - Magic Dart            Conj           ###.         2%          1    #......

Your spell library contained the following spells:

 Spells                   Type           Power        Failure   Level  Hunger
 Searing Ray              Conj           ###...       3%          2    ##.....
 Dazzling Spray           Conj/Hex       ##....       19%         3    ###....
 Iskenderun's Mystic Bla  Conj           ###.....     22%         4    #####..
 Force Lance              Conj/Tloc      ##......     54%         4    #####..
 Fulminant Prism          Conj/Hex       ##........   54%         4    #####..


Dungeon Overview and Level Annotations

Branches:
Dungeon (3/15)

Altars:
Xom


Innate Abilities, Weirdness & Mutations

Your plain brown scales are hard. (AC +5)
You cannot fit into any form of body armour.
You are cold-blooded and may be slowed by cold attacks.


Message History

Your magical effects are unravelling.
You feel magically purged.
Your magical contamination has completely faded away.
You feel less wooden.
Your +1 pair of gloves unmelds from your body.
* * * LOW HITPOINT WARNING * * *
You feel sick.
Okay, then.
Okay, then.
* * * LOW HITPOINT WARNING * * *
You feel sick.
There is a stone staircase leading down here.
You climb downwards.
Found 2 gold pieces.
There is a stone staircase leading up here.
* * * LOW HITPOINT WARNING * * *
You feel sick.
You climb upwards.
There is a stone staircase leading down here.
You die...

### #.. #.# #.#
#.# ###### #.#
#####....# # #@#
#....÷...# #
#.#####........###
#>................
#####.#.....######
#$####### # .†# #
#... # .... #
..#... #


There were no monsters in sight!

Vanquished Creatures
  A scorpion (D:2)
  2 adders (D:2)
  3 dart slugs (D:1)
  6 bats
  4 giant cockroaches
  6 goblins
  8 hobgoblins
  3 jackals (D:1)
  6 kobolds
  5 frilled lizards
  5 rats
49 creatures vanquished.

Notes
Turn   | Place    | Note
-------+----------+-------------------------------------------
     0 | D:1      | Fortress the Draconian Conjurer began the quest for the
                  | Orb.
     0 | D:1      | Reached XP level 1. HP: 14/14 MP: 3/3
    64 | D:1      | Reached XP level 2. HP: 16/20 MP: 0/5
   719 | D:1      | Reached XP level 3. HP: 26/26 MP: 3/6
   771 | D:1      | Reached skill level 1 in Unarmed Combat
  1318 | D:2      | Found a shimmering altar of Xom.
  1421 | D:2      | Reached XP level 4. HP: 33/33 MP: 3/7
  1432 | D:2      | Reached skill level 5 in Conjurations
  1484 | D:2      | HP: 1/33 [poisoned by a scorpion]
  1489 | D:3      | HP: 1/33 [poisoned by a scorpion]
  1492 | D:2      | Succumbed to a scorpion's poison

Levels and vault maps discovered:
D:1:      eino_arrival_tree_alley, layout_basic, minmay_hexomino_c4
D:2:      layout_basic, lemuel_crystal_altar
D:3:      layout_basic, cheibriados_altar_1, ebering_ghost_gozag, serial_bayou,
          serial_bayou_shore_a, serial_bayou_pond_c, serial_bayou_pond_d,
          serial_bayou_crossing

Skill      XL: |  1  2  3  4 |
---------------+-------------+-----
Unarmed Combat | 1 |  1.0
Dodging        | 2 |  2.0
Stealth        | 2 |  2.0
Conjurations   | 5 |  5.2
Spellcasting   | 3 |  3.0

Action                   |  1- 3 |  4- 6 || total
-------------------------+-------+-------++-------
Melee: Unarmed           |    54 |       ||    54
       Tailslap          |     8 |     3 ||    11
       Hand axe          |    29 |    18 ||    47
 Cast: Magic Dart        |    72 |     9 ||    81
  Use: Potion            |       |     2 ||     2
  Eat: Chunk             |     2 |     1 ||     3
Armor: Skin              |    32 |    12 ||    44
Dodge: Dodged            |    71 |    10 ||    81
